 Dungeon Crawl Stone Soup version 0.29-a0-775-g4d7333d4e2 (webtiles) character file.

Game seed: 6880890890646905944

711 elite277 the Conjurer (level 8, 0/54 HPs)
             Began as a Human Conjurer on June 30, 2022.
             Engulfed by a cloud of steam (7 damage)
             ... on level 4 of the Dungeon on July 1, 2022.
             The game lasted 00:17:18 (4484 turns).

elite277 the Conjurer (Human Conjurer)              Turns: 4484, Time: 00:17:19

Health: 0/54       AC:  4    Str:  8    XL:     8   Next: 0%
Magic:  5/15       EV: 12    Int: 21    God:
Gold:   155        SH:  0    Dex: 11    Spells: 9/16 levels left

rFire   . . .      SeeInvis .   x - +2 short sword (elec)
rCold   . . .      Faith    .   p - orb {*Rage}
rNeg    . . .      Spirit   .   a - +0 robe
rPois   .          Reflect  .   (no helmet)
rElec   .          Harm     .   l - +0 cloak
rCorr   .          Rampage  .   (no gloves)
Will    .....      Rage     20% v - +0 pair of boots
Stlth   ++........              (no amulet)
HPRegen 0.18/turn               (no ring)
MPRegen 0.14/turn               (no ring)

@: no status effects
A: no striking features
a: no special abilities


You were on level 4 of the Dungeon.
You visited 1 branch of the dungeon, and saw 4 of its levels.
You also visited: Sewer.

You collected 155 gold pieces.

Inventory:

Hand Weapons
 d - a +0 dagger
 f - a +2 dagger of venom
 k - a +2 short sword of venom
 n - a +2 vorpal sling
 q - a +2 antimagic dagger
 x - a +2 short sword of electrocution (weapon)
 D - a +2 falchion of holy wrath
Missiles
 u - 16 boomerangs
 B - 2 poisoned darts
Armour
 a - a +0 robe (worn)
 l - a +0 cloak (worn)
 p - an orb of wrath (worn)
 v - a +0 pair of boots (worn)
Magical Staves
 s - a staff of fire
 F - a staff of earth
Jewellery
 b - a ring of magical power
Wands
 C - a wand of polymorph (7)
 G - a wand of flame (18)
Scrolls
 c - a scroll of silence {unknown}
 g - a scroll of summoning {unknown}
 m - 2 scrolls of amnesia {unknown}
 o - 2 scrolls of identify {unknown}
 w - a scroll of acquirement {unknown}
 y - 3 scrolls of fog {unknown}
 E - a scroll of teleportation {unknown}
Potions
 e - 3 potions of degeneration {unknown}
 h - a potion of might {unknown}
 i - 3 potions of attraction {unknown}
 j - 5 potions of curing {unknown}
 r - a potion of cancellation {unknown}
 t - 2 potions of mutation {unknown}
 z - a potion of haste {unknown}
 A - 3 potions of heal wounds {unknown}


   Skills:
 + Level 1.3 Fighting
 + Level 3.3 Short Blades
 + Level 2.7 Dodging
 + Level 3.9 Stealth
 + Level 4.7 Spellcasting
 + Level 5.3 Conjurations
 * Level 0.9 Hexes


You had 9 spell levels left.
You knew the following spells:

 Your Spells              Type           Power      Damage    Failure   Level
a - Magic Dart            Conj           100%       1d8       1%          1
b - Searing Ray           Conj           54%        2d6       1%          2
c - Fulminant Prism       Conj/Hex       9%         3d7       30%         4

Your spell library contained the following spells:

 Spells                   Type           Power      Damage    Failure   Level
 Dazzling Flash           Conj/Hex       36%        N/A       10%         3
 Ensorcelled Hibernation  Hex/Ice        12%        N/A       14%         2
 Blink                    Tloc           8%         N/A       17%         2
 Passwall                 Tmut/Erth      3%         N/A       17%         2
 Swiftness                Air            4%         N/A       32%         3
 Iskenderun's Mystic Bla  Conj/Tloc      16%        2d5       36%         4
 Irradiate                Conj/Tmut      8%         3d16      71%         5
 Blade Hands              Tmut           2%         N/A       97%         5
 Manifold Assault         Tloc           4%         N/A       97%         5
 Dragon Form              Tmut           2%         N/A       100%        7
 Storm Form               Tmut/Air       2%         N/A       100%        7


Dungeon Overview and Level Annotations

Branches:
Dungeon (4/15)              Sewer (visited)
 Temple: D:4-7

Altars:


Message History

The searing ray hits the steam dragon.
The steam dragon is heavily wounded. (Press . to maintain the ray.)
The searing ray hits the steam dragon.
The steam dragon is severely wounded.
The searing ray hits the steam dragon.
The steam dragon is almost dead.
The steam dragon breathes steam at you. The ball of steam hits you!
The searing ray hits the steam dragon but does no damage.
The steam dragon is almost dead.
You finish channelling your searing ray.
You are engulfed in a cloud of scalding steam.
Casting: Searing Ray (safe; 1% risk of failure)
Confirm with . or Enter, or press ? or * to list all spells.
Aiming: Magic Dart (safe; 1% risk of failure)
Press: ? - help, Shift-Dir - straight line, f/p - steam dragon
Aim: a steam dragon (steam, almost dead, catching its breath, 100% to hit)
The magic dart hits the steam dragon.
The steam dragon is almost dead.
You are engulfed in a cloud of scalding steam.
The steam dragon bites you! The steam dragon barely misses you.
The steam dragon attacks as you move away!
The steam dragon bites you!
* * * LOW HITPOINT WARNING * * *
The steam dragon claws you.
* * * LOW HITPOINT WARNING * * *
Okay, then.
Okay, then.
Casting: Magic Dart (safe; 1% risk of failure)
Confirm with . or Enter, or press ? or * to list all spells.
Aiming: Searing Ray (safe; 1% risk of failure)
Press: ? - help, Shift-Dir - straight line, f/p - steam dragon
Aim: a steam dragon (steam, almost dead, catching its breath, 79% to hit)
The searing ray hits the steam dragon.
You kill the steam dragon!
The steam dragon scales are intact enough to wear. (Press . to maintain the ray.)
You are engulfed in a cloud of scalding steam.
You die...

#### ###+####..##
#..........#
#.........#
###..##...#
#####+####..##...#
#............#§@.#
#............+.§.#
#............#§§.#
#............#...#
#..###.†##..##$..#
##..###..##..##...#
+.................#
#......<..........#
#.....†............


There were no monsters in sight!

Vanquished Creatures
  Grinder (D:3)
  A steam dragon (D:4)
  Pargi (Sewer)
  A howler monkey (D:3)
  2 jellies (D:2)
  3 orc priests (D:3)
  Jessica (D:3)
  Ijyb (D:3)
  Natasha (thrice) (D:3)
  5 adders
  A dart slug (D:1)
  4 orcs (D:3)
  9 endoplasms
  5 giant cockroaches
  2 hobgoblins (D:1)
  3 jackals (D:3)
  A quokka (D:2)
  6 ball pythons
  4 bats
  3 frilled lizards
  4 goblins
  16 kobolds
  7 rats
84 creatures vanquished.

Vanquished Creatures (others)
  A fungus (D:2)
  11 toadstools (D:2)
12 creatures vanquished.

Grand Total: 96 creatures vanquished

Notes
Turn   | Place    | Note
-------+----------+-------------------------------------------
     0 | D:1      | elite277 the Human Conjurer began the quest for the Orb.
     0 | D:1      | Reached XP level 1. HP: 13/13 MP: 3/3
     3 | D:1      | Noticed an electric eel
     4 | D:1      | Noticed an electric eel
    54 | D:1      | Found a faded altar of an unknown god.
    89 | D:1      | Upgraded the game from 0.29-a0-757-g358383bc75 to
                  | 0.29-a0-775-g4d7333d4e2
   627 | D:1      | Reached XP level 2. HP: 19/19 MP: 0/5
  1451 | D:2      | Learned a level 2 spell: Searing Ray
  1538 | D:2      | Reached XP level 3. HP: 24/24 MP: 6/6
  2552 | D:2      | Reached XP level 4. HP: 30/30 MP: 4/8
  2562 | D:2      | Reached XP level 5. HP: 35/35 MP: 5/10
  2792 | D:3      | Noticed Natasha
  2795 | D:3      | Killed Natasha
  2796 | D:3      | Reached skill level 1 in Short Blades
  2864 | D:3      | Found a glowing drain.
  2880 | Sewer    | Entered a sewer
  2945 | Sewer    | Noticed Pargi
  2951 | Sewer    | Killed Pargi
  2952 | Sewer    | Reached XP level 6. HP: 42/42 MP: 11/11
  2987 | Sewer    | Reached skill level 5 in Conjurations
  3257 | D:3      | Reached XP level 7. HP: 21/47 MP: 3/13
  3262 | D:3      | Learned a level 4 spell: Fulminant Prism
  3758 | D:3      | Noticed Grinder
  3765 | D:3      | Killed Grinder
  3766 | D:3      | Reached skill level 1 in Fighting
  3879 | D:3      | Noticed Ijyb
  3898 | D:3      | Noticed Jessica
  3902 | D:3      | Killed Jessica
  3911 | D:3      | Killed Ijyb
  4000 | D:3      | Noticed Natasha
  4005 | D:3      | Killed Natasha
  4046 | D:3      | Noticed Natasha
  4190 | D:3      | Killed Natasha
  4416 | D:4      | Reached XP level 8. HP: 54/54 MP: 9/15
  4484 | D:4      | Engulfed by a cloud of steam

Illustrated notes

Levels and vault maps discovered:
D:1:      arrival_aquarium_b, layout_loops_ring,
          dreamdust_ecumenical_altar_statues
D:2:      cheibrodos_fertilizer, layout_basic,
          amcnicky_mini_rare_corridor_liquid
D:3:      layout_basic, portal_sewer_entry_b, supply_closet_lemuel,
          uniq_jessica, uniq_grinder, uniq_natasha, uniq_ijyb
D:4:      layout_gridville, grunt_temple_overflow_order_and_chaos_2,
          general_overflow_altar

Skill      XL: |  1  2  3  4  5  6  7 |
---------------+----------------------+-----
Spellcasting   | 3 4 |  4.7
Short Blades   | 1 2 3 |  3.3
Stealth        | 3 |  3.9
Conjurations   | 5 |  5.3
Fighting       | 1 |  1.3
Dodging        | |  2.7
Hexes          | |  0.9

Action                   |  1- 3 |  4- 6 |  7- 9 || total
-------------------------+-------+-------+-------++-------
Melee: Unarmed           |     3 |       |       ||     3
       Dagger            |     8 |       |       ||     8
       Short sword       |    26 |    39 |    24 ||    89
 Cast: Magic Dart        |    45 |    15 |    16 ||    76
       Searing Ray       |     1 |     4 |     9 ||    14
  Use: Potion            |       |     1 |       ||     1
 Stab: Sleeping          |     5 |     2 |       ||     7
Armor: Robe              |     9 |    14 |     5 ||    28
       Skin              |       |       |     3 ||     3
Dodge: Dodged            |    22 |    24 |    14 ||    60

Table legend: (Time is in decaauts)
 A = Elapsed time spent in this place.
 B = Non-inter-level travel time spent in this place.
 C = Inter-level travel time spent in this place.
 D = Time resting spent in this place.
 E = Time spent auto-exploring this place.
 F = Levels seen in this place.
 G = Mean time per level.
                   A        B        C        D        E       F      G
               +--------+--------+--------+--------+--------+-----+--------+
         Total |   4582 |   4464 |    118 |   1538 |   1870 |   5 |  916.4 |
       Dungeon |   4325 |   4207 |    118 |   1474 |   1833 |   4 | 1081.2 |
         Sewer |    257 |    257 |      0 |     63 |     37 |   1 |  257.0 |
               +--------+--------+--------+--------+--------+-----+--------+

Top non-repeatable levels by time:
     D:3: 1480 daAuts
     D:2: 1459 daAuts
     D:1: 1310 daAuts
   Sewer: 257 daAuts
     D:4: 74 daAuts
